 Dungeon Crawl Stone Soup version 0.22.0-75-g3901e79 (webtiles) character file.

259532 Heatsaber the Peltast (level 19, 0/177 HPs)
             Began as a Minotaur Fighter on Sept 10, 2018.
             Was the Champion of Nemelex Xobeh.
             Killed from afar by an ogre mage (27 damage)
             ... with a crystal spear
             ... on level 2 of the Depths on Sept 13, 2018.
             The game lasted 06:15:53 (38230 turns).

Heatsaber the Peltast (Minotaur Fighter)           Turns: 38230, Time: 06:15:55

Health: 0/177      AC: 19    Str: 24    XL:     19   Next: 15%
Magic:  29/29      EV: 14    Int:  5    God:    Nemelex Xobeh [******]
Gold:   2754       SH: 21    Dex: 23    Spells: 11/18 levels left

rFire    . . .     SeeInvis +   S - +3 eveningstar (flame)
rCold    + . .     Gourm    .   G - +0 shield of Death's Door {+Fly Slay+3}
rNeg     . . .     Faith    .   J - +2 plate armour {rC+}
rPois    +         Spirit   .   L - +2 hat
rElec    .         Reflect  +   A - +1 cloak {+Inv}
rCorr    .         Harm     .   (no gloves)
MR       +....                  u - +1 pair of boots
Stlth    ..........             U - amulet of Cheibriados's Reproof {Reflect Dex+8 SH+5}
HPRegen  0.39/turn              V - ring of Eronioh {+Inv rPois SInv Stlth+}
MPRegen  0.21/turn              R - +6 ring of slaying

@: lethally poisoned (0 -> -7), corroded, berserk cooldown, hasted and slowed
A: retaliatory headbutt, horns 2, blurry vision 1
}: 2/15 runes: serpentine, barnacled
a: Triple Draw, Deal Four, Stack Five, Renounce Religion, Evoke Invisibility,
Evoke Flight


You were on level 2 of the Depths.
You worshipped Nemelex Xobeh.
Nemelex Xobeh was exalted by your worship.
You were not hungry.

You visited 7 branches of the dungeon, and saw 34 of its levels.

You collected 4026 gold pieces.
You spent 1272 gold pieces at shops.

Inventory:

Hand Weapons
 k - a +4 vampiric morningstar
 s - the +9 mace of the Butterfly {pain, +Inv rElec}
   (You found it on level 3 of the Shoals)

   In the hands of one skilled in necromantic magic, it inflicts extra damage on
   living creatures.
   It insulates you from electricity.
   It lets you turn invisible.
 S - a +3 eveningstar of flaming (weapon)
Armour
 u - a +1 pair of boots (worn)
 A - a +1 cloak of invisibility (worn)
 G - the +0 shield of Death's Door (worn) {+Fly Slay+3}
   (You acquired it on level 3 of the Snake Pit)

   It affects your accuracy and damage with ranged weapons and melee attacks
   (+3).
   It lets you fly.
 J - a +2 plate armour of cold resistance (worn)
 L - a +2 hat (worn)
Jewellery
 E - a +3 ring of protection
 R - a +6 ring of slaying (right hand)
 U - the amulet of Cheibriados's Reproof (around neck) {Reflect Dex+8 SH+5}
   (You found it on level 3 of the Lair of Beasts)

   [amulet of reflection]

   It shields you and reflects attacks.
   It affects your dexterity (+8).
   It affects your SH (+5).
 V - the ring of Eronioh (left hand) {+Inv rPois SInv Stlth+}
   (You found it on level 13 of the Dungeon)

   [ring of see invisible]

   It protects you from poison.
   It lets you see invisible.
   It lets you turn invisible.
   It makes you more stealthy.
Wands
 r - a wand of scattershot (5)
 w - a wand of iceblast (49)
 D - a wand of digging (11)
 K - a wand of polymorph (32)
 W - a wand of clouds (7)
 X - a wand of acid (6)
Scrolls
 b - 5 scrolls of identify
 n - 5 scrolls of fog
 o - 3 scrolls of blinking
 C - 4 scrolls of magic mapping
 F - 14 scrolls of teleportation
 N - 3 scrolls of fear
 Q - 4 scrolls of enchant armour
 T - 13 scrolls of remove curse
 Z - 2 scrolls of holy word
Potions
 a - 3 potions of flight
 d - 4 potions of might
 i - a potion of berserk rage
 j - 7 potions of lignification
 l - a potion of brilliance
 m - 9 potions of curing
 q - a potion of haste
 v - 3 potions of mutation
 B - 2 potions of heal wounds
 H - 6 potions of agility
 O - a potion of resistance
 P - 2 potions of ambrosia
Miscellaneous
 c - an ornate deck of destruction
 e - an ornate deck of destruction
 f - a box of beasts
 p - a plain deck of summoning {drawn: 3}
 t - an ornate deck of destruction
 x - a sack of spiders
 y - a legendary deck of summoning
 I - an ornate deck of escape
 M - a plain deck of destruction {drawn: 5}
 Y - a plain deck of escape {drawn: 1}
Comestibles
 z - 40 rations


   Skills:
 - Level 17.0 Fighting
 - Level 16.0 Maces & Flails
 - Level 18.0 Armour
 + Level 8.0 Dodging
 - Level 18.0 Shields
 - Level 3.0 Charms
 + Level 15.8 Invocations
 - Level 7.0 Evocations


You had 11 spell levels left.
You knew the following spells:

 Your Spells              Type           Power        Failure   Level  Hunger
a - Apportation           Tloc           #.....       98%         1    ##.....
b - Summon Butterflies    Summ           #.......     98%         1    ##.....
c - Passwall              Tmut/Erth      #.......     99%         2    ###....
d - Corona                Hex            #......      98%         1    ##.....
e - Swiftness             Chrm/Air       #.......     95%         2    ###....

Your spell library contained the following spells:

 Spells                   Type           Power        Failure   Level  Hunger
 Flame Tongue             Conj/Fire      #....        98%         1    ##.....
 Magic Dart               Conj           #...         98%         1    ##.....
 Sting                    Conj/Pois      #...         98%         1    ##.....
 Blink                    Tloc           N/A          99%         2    ###....
 Call Imp                 Summ           #.......     99%         2    ###....
 Ensorcelled Hibernation  Hex/Ice        #.....       99%         2    ###....
 Poisonous Vapours        Pois/Air       #.....       99%         2    ###....
 Searing Ray              Conj           #.....       99%         2    ###....
 Slow                     Hex            #.......     99%         2    ###....
 Throw Flame              Conj/Fire      #.....       99%         2    ###....
 Confuse                  Hex            #.......     100%        3    ####...
 Conjure Flame            Conj/Fire      #.......     100%        3    ####...
 Dazzling Spray           Conj/Hex       #.....       100%        3    ####...
 Inner Flame              Hex/Fire       #.......     100%        3    ####...
 Lesser Beckoning         Tloc           #.........   100%        3    ####...
 Mephitic Cloud           Conj/Pois/Air  #.......     100%        3    ####...
 Portal Projectile        Hex/Tloc       #.....       100%        3    ####...
 Tukima's Dance           Hex            #.......     100%        3    ####...
 Cause Fear               Hex            #.........   100%        4    #####..
 Force Lance              Conj/Tloc      #.......     100%        4    #####..
 Fulminant Prism          Conj/Hex       #.........   100%        4    #####..
 Ice Form                 Ice/Tmut       #.......     100%        4    #####..
 Iskenderun's Mystic Bla  Conj           #.......     100%        4    #####..
 Leda's Liquefaction      Hex/Erth       #.........   100%        4    #####..
 Olgreb's Toxic Radiance  Pois           #.......     100%        4    #####..
 Passage of Golubria      Tloc           N/A          100%        4    #####..
 Sticky Flame             Conj/Fire      #.......     100%        4    #####..
 Alistair's Intoxication  Tmut/Pois      #.......     100%        5    ######.
 Bolt of Magma            Conj/Fire/Erth #.........   100%        5    ######.
 Excruciating Wounds      Chrm/Necr      #.........   100%        5    ######.
 Fireball                 Conj/Fire      #.........   100%        5    ######.
 Iskenderun's Battlesphe  Conj/Chrm      #.......     100%        5    ######.
 Lee's Rapid Deconstruct  Erth           #.........   100%        5    ######.
 Metabolic Englaciation   Hex/Ice        #.........   100%        5    ######.
 Venom Bolt               Conj/Pois      #.........   100%        5    ######.
 Bolt of Cold             Conj/Ice       #.........   100%        6    #######
 Darkness                 Hex            #.........   100%        6    #######
 Freezing Cloud           Conj/Ice/Air   #.........   100%        6    #######
 Invisibility             Hex            #.......     100%        6    #######
 Iron Shot                Conj/Erth      #.........   100%        6    #######
 Ozocubu's Refrigeration  Ice            #.........   100%        6    #######
 Simulacrum               Ice/Necr       #.........   100%        6    #######
 Orb of Destruction       Conj           #.........   100%        7    #######
 Spellforged Servitor     Conj/Summ      #.........   100%        7    #######


Dungeon Overview and Level Annotations

Branches:
Dungeon (15/15)            Temple (1/1) D:4            Lair (6/6) D:9
 Shoals (4/4) Lair:3        Snake (4/4) Lair:4        Slime (0/5) Lair:5
    Orc (2/2) D:9             Elf (0/3) Orc:2        Vaults (0/5) D:13
 Depths (1/5) D:15

Altars:
Ashenzari
Cheibriados
Dithmenos
Elyvilon
Fedhas
Gozag
Hepliaklqana
Kikubaaqudgha
Makhleb
Nemelex Xobeh
Okawaru
Qazlal
Ru
Sif Muna
Trog
Uskayaw
Vehumet
Wu Jian
Xom
Yredelemnul
Zin
The Shining One
Beogh

Shops:
D:6 :}   D:8 *   D:14 ([   Orc:1 *(   Orc:2 !%[:[   Shoals:1 (   Depths:2 }?

Portals:
Hell: Depths:2
Abyss: Depths:2
Pandemonium: Orc:2
Trove: D:11 (give horn of Geryon)

Annotations:
Shoals:1 exclusion: Roxanne, Roxanne


Innate Abilities, Weirdness & Mutations

You reflexively headbutt those who attack you in melee.
You have a pair of horns on your head.
Scrolls take you a little longer to read.


Message History

You feel sick. You block the ogre mage's attack.
You bludgeon the green ugly thing!! You burn the green ugly thing.
Your headbutt misses the green ugly thing.
The green ugly thing is heavily wounded.
You are no longer berserk.
You are exhausted.
You feel yourself slow down.
You feel sick.
You block the green ugly thing's attack.
You feel yourself speed up.
You feel sick.
The ogre mage hits you from afar with a spear.
* * * LOW HITPOINT WARNING * * *
You block the green ugly thing's attack.
The ogre mage closely misses you.
You feel as though your hastened speed will last longer.
You feel sick.
You block the green ugly thing's attack.
The ogre mage gestures at you while chanting.
The crystal spear hits you!
You die...
Your body glows with a rainbow of weird colours and disappears.

#......ยง......##
......(........#
...............##
................#
................#
.........(......##
.........O.......#
..........)uC....#
...........@)...##
############.###########
..............#....#...#
..>...........#....'...#
..............#.#####..#
#########....##'##.##..#
........#....#.........#
........#....#.........#
........#....#.........#


You could see a fire giant, a green ugly thing and an ogre mage.

Vanquished Creatures
  A caustic shrike (Depths:2)
  A sphinx (Depths:2)
  A kraken (Shoals:4)
  2 tengu reavers
  13 nagarajas
  A fire giant (Depths:2)
  An azure jelly (Snake:1)
  Louise (Shoals:1)
  Aizul (Snake:2)
  2 frost giants (Depths:1)
  3 very ugly things (Depths:2)
  4 stone giants
  The ghost of HEYYEYAAE the Impaler, a journeyman DgGl (Lair:6)
  Azrael (Orc:2)
  2 ettins
  4 merfolk impalers
  Josephine (Lair:6)
  A fire dragon (Depths:1)
  2 yaktaur captains (Depths:2)
  2 great orbs of eyes
  2 hydras
  9 naga warriors
  2 centaur warriors (D:13)
  A rakshasa (Depths:1)
  An ice dragon (Depths:2)
  2 catoblepae
  3 merfolk avatars
  4 alligator snapping turtles (Shoals:4)
  An alligator (Shoals:3)
  16 two-headed ogres
  A death knight (D:13)
  6 merfolk aquamancers
  17 anacondas
  2 satyrs
  3 death yaks (Lair:5)
  A tengu warrior (D:14)
  9 naga sharpshooters
  4 ogre magi
  Urug (D:13)
  4 orc high priests
  4 shock serpents
  A titan zombie (D:15)
  A sun demon (Orc:2)
  A deep troll (shapeshifter) (D:15)
  5 skeletal warriors
  A deep troll (Orc:1)
  27 sea snakes
  A gelid demonspawn (Orc:2)
  2 unseen horrors
  10 naga ritualists
  An infernal demonspawn (Orc:2)
  A swamp dragon (Lair:6)
  A torturous demonspawn (Orc:2)
  6 orc knights
  A flayed ghost (Depths:2)
  A necromancer (D:15)
  A phantasmal warrior (D:15)
  17 harpies
  The ghost of BryzzWind the Poker, a novice CeGl (D:6)
  14 mana vipers
  12 ugly things
  4 deep elf magi
  11 orc sorcerers
  7 manticores
  5 fauns (Shoals:3)
  2 salamanders
  5 cyclopes
  A moth of wrath (Orc:2)
  4 oklob plants (Lair:6)
  5 elephants
  9 naga magi
  6 merfolk sirens
  5 centaur zombies
  36 black mambas
  11 guardian serpents
  3 water nymphs
  An eye of devastation (Snake:4)
  6 gargoyles
  14 spiny frogs
  An efreet (D:13)
  6 rime drakes
  2 komodo dragons (shapeshifter) (Depths:2)
  13 komodo dragons
  2 kobold demonologists (D:12)
  A spriggan zombie (D:15)
  3 freezing wraiths
  2 hellwings (Orc:2)
  2 tengu conjurers
  A guardian mummy (D:15)
  A queen bee (Snake:4)
  6 trolls
  7 wind drakes
  4 hornets
  21 merfolk
  19 blink frogs
  A deep troll zombie (D:15)
  An ettin zombie (D:15)
  13 snapping turtles
  8 hippogriffs
  7 dream sheep
  A shadow (D:11)
  A redback (Lair:5)
  A vampire (D:14)
  A ynoxinul (Orc:2)
  13 water elementals
  29 yaks
  14 humans (D:13)
  4 wraiths (Lair:6)
  13 wyverns
  2 hungry ghosts
  4 basilisks
  A fire elemental (Orc:2)
  3 steam dragons
  5 vampire mosquitoes
  A swamp worm (Snake:4)
  51 nagas
  4 wargs
  27 water moccasins
  5 acid dragons
  3 hell hounds (Orc:2)
  11 porcupines
  A swamp drake (Lair:6)
  24 orc warriors
  3 ice beasts
  An eye of draining (shapeshifter) (Depths:1)
  2 sky beasts
  2 black bears
  2 eyes of draining
  2 necrophages
  21 ogres
  5 boggarts (Depths:2)
  11 wolves
  5 centaurs
  10 crocodiles
  18 bullfrogs
  2 big kobolds
  2 gnoll sergeants (D:8)
  A wyvern zombie (D:12)
  Dowan (D:5)
  A jelly (D:9)
  3 wyvern skeletons
  2 scorpions
  7 killer bees
  4 wights
  A howler monkey (D:14)
  2 vampire bats (Lair:1)
  3 electric eels
  6 crimson imps
  2 bullfrog zombies (D:5)
  25 orc priests
  A bullfrog skeleton (D:5)
  2 gnoll shamans
  19 orc wizards
  Crazy Yiuf (D:5)
  10 hounds
  Ijyb (D:3)
  5 hell rats (Lair:5)
  10 iguanas
  11 worker ants
  Natasha (thrice) (D:3)
  2 hound zombies
  2 worker ant zombies
  Robin (D:2)
  19 adders
  19 gnolls
  A river rat (Orc:1)
  5 shadow imps
  2 adder zombies
  A worm (D:4)
  5 dart slugs
  9 leopard geckos
  68 orcs
  6 giant cockroaches
  A giant cockroach (shapeshifter) (Depths:2)
  18 goblins
  5 hobgoblins
  11 jackals
  9 kobolds
  2 quokkas
  3 ball pythons
  9 bats
  A frilled lizard (D:2)
  A leopard gecko zombie (D:5)
  6 rats
  5 fungi
  6 plants
1142 creatures vanquished.

Vanquished Creatures (collateral kills)
  A fire dragon (Lair:6)
  3 anacondas
  A hydra (D:9)
  2 naga sharpshooters (Snake:3)
  3 skeletal warriors (D:9)
  A naga ritualist (Snake:2)
  A mana viper (Snake:4)
  2 naga magi (Snake:3)
  2 spiny frogs
  3 black mambas (Snake:3)
  A rime drake (Lair:1)
  A dream sheep (D:9)
  4 yaks
  A fire elemental (Orc:2)
  2 humans (D:13)
  9 nagas
  A warg (Orc:2)
  An acid dragon (Lair:6)
  A water moccasin (D:10)
  Duvessa (D:5)
  A hell hound (Orc:2)
  An orc warrior (Orc:2)
  An ice beast (D:10)
  An ogre (Orc:1)
  A crocodile (Lair:1)
  2 big kobolds (D:9)
  A bullfrog (D:10)
  5 killer bees (D:10)
  A howler monkey (Orc:1)
  3 orc priests
  An iguana (Orc:1)
  An orc wizard (Orc:1)
  A hound skeleton (D:10)
  A howler monkey zombie (D:5)
  3 gnolls (D:5)
  An adder (D:5)
  3 orcs
  A jackal (D:9)
  A quokka (D:10)
  2 plants
73 creatures vanquished.

Vanquished Creatures (others)
  A centaur warrior (D:15)
  A naga sharpshooter (Snake:3)
  2 cyclopes
  A wolf spider (Lair:6)
  A black mamba (Lair:6)
  A wraith (Lair:6)
  A wyvern (Lair:6)
  Menkaure (D:5)
  4 centaurs
  A hound (D:7)
  A worker ant (D:7)
  2 gnolls (D:8)
  An orc (Orc:1)
  A bush (Lair:6)
  13 fungi
  73 plants
  12 tentacles (Shoals:4)
  5 withered plants (D:15)
122 creatures vanquished.

Grand Total: 1337 creatures vanquished

Notes
Turn   | Place    | Note
-------+----------+-------------------------------------------
     0 | D:1      | Heatsaber the Minotaur Fighter began the quest for the Orb.
     0 | D:1      | Reached XP level 1. HP: 19/19 MP: 0/0
   135 | D:1      | Reached XP level 2. HP: 20/27 MP: 1/1
  1271 | D:2      | Reached XP level 3. HP: 33/33 MP: 2/2
  1348 | D:2      | Noticed Robin
  1351 | D:2      | Killed Robin
  1499 | D:2      | Found a blossoming altar of Fedhas.
  1650 | D:2      | Reached XP level 4. HP: 29/40 MP: 3/3
  2140 | D:3      | Found a sparkling altar of Nemelex Xobeh.
  2184 | D:3      | Became a worshipper of Nemelex Xobeh the Trickster
  2261 | D:3      | Noticed Natasha
  2267 | D:3      | Killed Natasha
  2293 | D:3      | Received a gift from Nemelex Xobeh
  2423 | D:3      | Reached XP level 5. HP: 47/47 MP: 4/4
  2425 | D:3      | Noticed Natasha
  2433 | D:3      | Killed Natasha
  2436 | D:3      | Noticed Natasha
  2444 | D:3      | Killed Natasha
  2538 | D:3      | Noticed Ijyb
  2554 | D:3      | Killed Ijyb
  2834 | D:4      | Reached skill level 5 in Maces & Flails
  2840 | D:4      | Reached XP level 6. HP: 26/55 MP: 5/5
  2952 | D:4      | Reached skill level 5 in Shields
  2988 | D:4      | Found a staircase to the Ecumenical Temple.
  2999 | D:4      | Reached skill level 5 in Armour
  3031 | Temple   | Entered the Ecumenical Temple
  3115 | D:4      | Reached skill level 5 in Fighting
  3115 | D:4      | Reached skill level 1 in Evocations
  3200 | D:4      | Reached XP level 7. HP: 49/61 MP: 5/7
  3404 | D:4      | Received a gift from Nemelex Xobeh
  3781 | D:5      | Entered Level 5 of the Dungeon
  3781 | D:5      | Reached * piety under Nemelex Xobeh
  3844 | D:5      | Found a runed door.
  3848 | D:5      | Noticed Crazy Yiuf
  3851 | D:5      | Killed Crazy Yiuf
  3901 | D:5      | Found a sacrificial altar of Ru.
  3916 | D:5      | Found a white marble altar of Elyvilon.
  3983 | D:5      | Noticed Duvessa
  3983 | D:5      | Noticed Dowan
  3990 | D:5      | Killed Duvessa
  3993 | D:5      | Killed Dowan
  3993 | D:5      | Reached XP level 8. HP: 70/70 MP: 8/8
  4053 | D:5      | Found a radiant altar of Vehumet.
  4126 | D:5      | Found a hazy altar of Hepliaklqana.
  4126 | D:5      | Noticed Menkaure
  4128 | D:5      | Killed Menkaure
  4208 | D:5      | Got a smoking chain mail
  4219 | D:5      | Identified the +4 chain mail of the Doldrums {rPois Stlth+}
                  | (You found it on level 5 of the Dungeon)
  4441 | D:6      | Found Parcheps's Book Boutique.
  4536 | D:6      | Found a runed gate.
  4544 | D:6      | Found a runed gate.
  4544 | D:6      | Found a runed gate.
  4554 | D:6      | Noticed BryzzWind's ghost (novice CeGl)
  4598 | D:6      | Killed BryzzWind's ghost
  4598 | D:6      | Reached XP level 9. HP: 72/78 MP: 10/10
  4755 | D:6      | Found Jilama's Gadget Emporium.
  4943 | D:6      | Reached ** piety under Nemelex Xobeh
  5499 | D:7      | Received a gift from Nemelex Xobeh
  5501 | D:7      | Found a shimmering altar of Xom.
  5549 | D:7      | Got a warped flail
  5550 | D:7      | Identified the cursed +3 flail "Sawol" {freeze, rElec rC-
                  | MP+9} (You found it on level 7 of the Dungeon)
  5850 | D:7      | Got an encrusted cloak
  5861 | D:7      | Identified the +1 cloak of the Ditch-Digger {Dex+3} (You
                  | found it on level 7 of the Dungeon)
  5957 | D:7      | Received a gift from Nemelex Xobeh
  5959 | D:7      | Noticed a gargoyle
  5983 | D:7      | Killed a gargoyle
  5983 | D:7      | Reached skill level 1 in Invocations
  6096 | D:7      | Noticed a gargoyle
  6102 | D:7      | Killed a gargoyle
  6110 | D:7      | Noticed a gargoyle
  6118 | D:7      | Killed a gargoyle
  6118 | D:7      | Reached skill level 10 in Maces & Flails
  6137 | D:7      | Noticed a gargoyle
  6149 | D:7      | Killed a gargoyle
  6428 | D:7      | Noticed a gargoyle
  6430 | D:7      | Killed a gargoyle
  6430 | D:7      | Reached XP level 10. HP: 84/88 MP: 11/11
  6860 | D:8      | Found Sugeen's General Store.
  6986 | D:8      | Reached *** piety under Nemelex Xobeh
  7528 | D:8      | Found a glowing silver altar of Zin.
  7964 | D:9      | Found a staircase to the Lair.
  8083 | D:9      | You fall through a shaft for 2 floors!
  8300 | D:10     | Entered Level 10 of the Dungeon
  8332 | D:10     | Received a gift from Nemelex Xobeh
  8566 | D:10     | Reached XP level 11. HP: 89/96 MP: 13/13
  8571 | D:10     | Reached **** piety under Nemelex Xobeh
  8854 | D:9      | Received a gift from Nemelex Xobeh
  8914 | D:9      | Noticed a skeletal warrior
  8914 | D:9      | Noticed a skeletal warrior
  8915 | D:9      | Noticed a skeletal warrior
  8915 | D:9      | Noticed a skeletal warrior
  8916 | D:9      | Noticed a skeletal warrior
  8966 | D:9      | Killed a skeletal warrior
  8976 | D:9      | Killed a skeletal warrior
  8994 | D:9      | Killed a skeletal warrior
  9010 | D:9      | Killed a skeletal warrior
  9010 | D:9      | Reached skill level 5 in Invocations
  9315 | D:9      | Killed a skeletal warrior
  9427 | D:9      | Found a deep blue altar of Sif Muna.
  9759 | D:9      | Found a staircase to the Orcish Mines.
  9781 | D:9      | Found a shadowy altar of Dithmenos.
  9951 | D:9      | Noticed a three-headed hydra
  9968 | D:9      | Killed a three-headed hydra
 10163 | Lair:1   | Entered Level 1 of the Lair of Beasts
 10163 | Lair:1   | Received a gift from Nemelex Xobeh
 10655 | Lair:1   | Reached skill level 10 in Armour
 10661 | Lair:1   | Received a gift from Nemelex Xobeh
 10723 | Lair:1   | Reached skill level 10 in Fighting
 10723 | Lair:1   | Reached skill level 10 in Shields
 10981 | Lair:1   | Reached ***** piety under Nemelex Xobeh
 11141 | Lair:1   | Received a gift from Nemelex Xobeh
 11707 | Lair:2   | Reached XP level 12. HP: 67/106 MP: 15/15
 11932 | Lair:2   | Received a gift from Nemelex Xobeh
 12766 | Lair:3   | Found a staircase to the Shoals.
 12893 | Lair:3   | Received a gift from Nemelex Xobeh
 12978 | Lair:3   | Got a faintly glowing amethyst amulet
 13730 | Lair:4   | Received a gift from Nemelex Xobeh
 13793 | Lair:4   | Found a staircase to the Snake Pit.
 14017 | Lair:4   | Received a gift from Nemelex Xobeh
 14019 | Lair:4   | Identified the amulet of Cheibriados's Reproof {Reflect
                  | Dex+8 SH+5} (You found it on level 3 of the Lair of Beasts)
 14854 | Lair:5   | Received a gift from Nemelex Xobeh
 14923 | Lair:5   | Found a staircase to the Slime Pits.
 15001 | Lair:5   | Reached XP level 13. HP: 116/116 MP: 18/18
 15095 | Lair:5   | Received a gift from Nemelex Xobeh
 15340 | Lair:5   | Reached skill level 15 in Maces & Flails
 15459 | Lair:5   | Received a gift from Nemelex Xobeh
 15701 | Lair:6   | Entered Level 6 of the Lair of Beasts
 16803 | Lair:6   | Received a gift from Nemelex Xobeh
 17116 | Lair:6   | Received a gift from Nemelex Xobeh
 17165 | Lair:6   | Noticed Josephine
 17189 | Lair:6   | Killed Josephine
 17709 | Lair:6   | Reached skill level 10 in Invocations
 17900 | Lair:6   | Noticed a fire dragon
 17914 | Lair:6   | Killed a fire dragon
 18136 | Lair:6   | Found a runed door.
 18137 | Lair:6   | Noticed HEYYEYAAE's ghost (journeyman DgGl)
 18155 | Lair:6   | Killed HEYYEYAAE's ghost
 18155 | Lair:6   | Reached XP level 14. HP: 103/124 MP: 20/20
 18198 | Lair:6   | Received a gift from Nemelex Xobeh
 18419 | Lair:6   | Learned a level 1 spell: Apportation
 18421 | Lair:6   | Learned a level 1 spell: Summon Butterflies
 18424 | Lair:6   | Learned a level 2 spell: Passwall
 18426 | Lair:6   | Learned a level 1 spell: Corona
 18429 | Lair:6   | Learned a level 2 spell: Swiftness
 19534 | D:11     | Received a gift from Nemelex Xobeh
 19763 | D:11     | Found a portal to a secret trove of treasure.
 19821 | D:11     | Received a gift from Nemelex Xobeh
 20190 | Orc:1    | Entered Level 1 of the Orcish Mines
 20218 | Orc:1    | Reached skill level 15 in Shields
 20240 | Orc:1    | You fall through a shaft!
 20240 | Orc:2    | Entered Level 2 of the Orcish Mines
 20263 | Orc:2    | Found a staircase to the Elven Halls.
 20265 | Orc:2    | Noticed Azrael
 20273 | Orc:2    | Found a labyrinth entrance.
 20273 | Orc:2    | Found a burning altar of Makhleb.
 20862 | Orc:2    | Killed Azrael
 20890 | Orc:2    | Found a roughly hewn altar of Beogh.
 20967 | Orc:2    | Gained mutation: Scrolls take you a little longer to read.
                  | [mutagenic glow]
 21104 | Orc:2    | Received a gift from Nemelex Xobeh
 21414 | Orc:2    | Found Jeajicw's Distillery.
 21415 | Orc:2    | Found Ihextusaty's Food Shop.
 21564 | Orc:2    | Found Ugrijouck's Armour Boutique.
 21996 | Orc:2    | Paralysed by an orc sorcerer for 5 turns
 22037 | Orc:2    | Found Toon's Antique Armour Emporium.
 22037 | Orc:2    | Found a one-way gate leading to the halls of Pandemonium.
 22037 | Orc:2    | Found Evept's Book Shoppe.
 22515 | Orc:1    | Found Jekle's Assorted Antiques.
 22535 | Orc:1    | Bought a shiny shield for 172 gold pieces
 22535 | Orc:1    | Bought a scroll of teleportation for 69 gold pieces
 22535 | Orc:1    | Bought a scroll of enchant armour for 172 gold pieces
 22612 | Orc:1    | Found Zouh's Weapon Shop.
 22616 | Orc:1    | Received a gift from Nemelex Xobeh
 23063 | Snake:1  | Entered Level 1 of the Snake Pit
 23068 | Snake:1  | Noticed Asterion
 23076 | Snake:1  | Noticed a balrug
 23076 | Snake:1  | Noticed Asterion
 23076 | Snake:1  | Asterion changed into Asterion the azure jelly
 23083 | Snake:1  | Killed Asterion the azure jelly
 23083 | Snake:1  | Reached skill level 1 in Dodging
 23083 | Snake:1  | Reached XP level 15. HP: 132/132 MP: 15/23
 23867 | Snake:1  | Reached skill level 1 in Charms
 24390 | Snake:2  | Noticed a nagaraja
 24411 | Snake:2  | Killed a nagaraja
 24411 | Snake:2  | Noticed Aizul
 24422 | Snake:2  | Killed Aizul
 24507 | Snake:2  | Noticed a nagaraja
 24525 | Snake:2  | Killed a nagaraja
 24822 | Snake:2  | Received a gift from Nemelex Xobeh
 24942 | Snake:2  | Noticed a nagaraja
 24951 | Snake:2  | Killed a nagaraja
 25302 | Snake:2  | Upgraded the game from 0.22.0-60-ga52c2fc to
                  | 0.22.0-75-g3901e79
 25321 | Snake:2  | Reached skill level 5 in Dodging
 25798 | Snake:3  | Noticed a nagaraja
 25810 | Snake:3  | Killed a nagaraja
 25810 | Snake:3  | Reached XP level 16. HP: 106/144 MP: 25/25
 25901 | Snake:3  | Identified a scroll of acquirement
 25901 | Snake:3  | Got a translucent shield
 25912 | Snake:3  | Identified the +0 shield of Death's Door {+Fly Slay+3} (You
                  | acquired it on level 3 of the Snake Pit)
 26395 | Snake:4  | Entered Level 4 of the Snake Pit
 27248 | Snake:4  | Received a gift from Nemelex Xobeh
 27860 | Snake:4  | Reached skill level 15 in Fighting
 28131 | Snake:4  | Reached XP level 17. HP: 60/156 MP: 27/27
 28157 | Snake:4  | Reached skill level 15 in Invocations
 28771 | Snake:4  | Reached skill level 15 in Armour
 28838 | Snake:4  | Got a serpentine rune of Zot
 29068 | Shoals:1 | Entered Level 1 of the Shoals
 29069 | Shoals:1 | Noticed Roxanne
 29100 | Shoals:1 | Noticed Louise
 29153 | Shoals:1 | Killed Louise
 29198 | Shoals:1 | Received a gift from Nemelex Xobeh
 29669 | Shoals:1 | Received a gift from Nemelex Xobeh
 29687 | Shoals:1 | Found Codiaz's Weapon Boutique.
 30091 | Shoals:2 | Received a gift from Nemelex Xobeh
 30297 | Shoals:2 | Reached skill level 5 in Evocations
 31072 | Shoals:3 | Received a gift from Nemelex Xobeh
 31161 | Shoals:3 | Identified the +9 mace of the Butterfly {pain, +Inv rElec}
                  | (You found it on level 3 of the Shoals)
 31795 | Shoals:4 | Entered Level 4 of the Shoals
 31795 | Shoals:4 | Received a gift from Nemelex Xobeh
 31848 | Shoals:4 | Noticed a kraken
 32214 | Shoals:4 | Killed a kraken
 32221 | Shoals:4 | Got a barnacled rune of Zot
 32471 | Shoals:4 | Reached XP level 18. HP: 64/169 MP: 28/28
 32585 | Shoals:4 | Received a gift from Nemelex Xobeh
 33098 | Shoals:4 | Identified the Compendium of the Frostbite and Boosts
 33593 | D:12     | Received a gift from Nemelex Xobeh
 34040 | D:13     | Found a gate to the Vaults.
 34040 | D:13     | Noticed Urug
 34168 | D:13     | Killed Urug
 34293 | D:13     | Reached ****** piety under Nemelex Xobeh
 34700 | D:13     | Identified the ring of Eronioh {+Inv rPois SInv Stlth+}
                  | (You found it on level 13 of the Dungeon)
 34838 | D:14     | Received a gift from Nemelex Xobeh
 35011 | D:14     | Received a gift from Nemelex Xobeh
 35341 | D:14     | Found Kietwam's Armour Shoppe.
 35382 | D:14     | Found Maacoonu's Antique Weapon Emporium.
 35675 | D:15     | Entered Level 15 of the Dungeon
 35681 | D:15     | Received a gift from Nemelex Xobeh
 36096 | D:15     | Found a staircase to the Depths.
 36202 | D:15     | Received a gift from Nemelex Xobeh
 36521 | D:15     | Received a gift from Nemelex Xobeh
 36656 | Depths:1 | Entered Level 1 of the Depths
 36945 | Depths:1 | You fall through a shaft!
 37347 | Depths:2 | Found Ohoimaf's Magic Scroll Boutique.
 37351 | Depths:2 | Found Sukk's Gadget Shop.
 37353 | Depths:2 | Bought a scroll of teleportation for 39 gold pieces
 37353 | Depths:2 | Bought a scroll of enchant weapon for 97 gold pieces
 37353 | Depths:2 | Bought a scroll of fear for 45 gold pieces
 37353 | Depths:2 | Bought a scroll of remove curse for 39 gold pieces
 37353 | Depths:2 | Bought a scroll of fear for 45 gold pieces
 37353 | Depths:2 | Bought a scroll of blinking for 97 gold pieces
 37353 | Depths:2 | Bought a scroll of enchant armour for 97 gold pieces
 37359 | Depths:2 | Bought a sack of spiders for 400 gold pieces
 37658 | Depths:2 | Received a gift from Nemelex Xobeh
 37730 | Depths:2 | Found a one-way gate to the infinite horrors of the Abyss.
 37815 | Depths:2 | Reached XP level 19. HP: 148/177 MP: 29/29
 37981 | Depths:2 | Found a gateway to Hell.
 38196 | Depths:2 | Noticed a caustic shrike
 38208 | Depths:2 | Killed a caustic shrike
 38230 | Depths:2 | Killed from afar by an ogre mage

Skill      XL: |  1  2  3  4  5  6  7  8  9 10 11 12 13 14 15 16 17 18 19 |
---------------+----------------------------------------------------------+-----
Maces & Flails | 3 4 5 7 8 10 11 13 14 16 | 16.0
Armour         | 4 5 6 8 9 10 11 12 14 15 18 | 18.0
Shields        | 4 5 6 8 9 10 11 14 15 16 18 | 18.0
Fighting       | 4 5 6 8 9 10 11 12 13 15 17 | 17.0
Evocations     | 1 2 3 6 7 |  7.0
Invocations    | 2 4 6 8 10 12 13 14 15 | 15.8
Dodging        | 1 5 7 8 |  8.0
Charms         | 3 |  3.0

Action                   |  1- 3 |  4- 6 |  7- 9 | 10-12 | 13-15 | 16-18 | 19-21 || total
-------------------------+-------+-------+-------+-------+-------+-------+-------++-------
Melee: Flail             |    10 |       |   280 |   444 |   244 |       |       ||   978
       Headbutt          |    14 |    18 |    67 |   180 |   493 |   588 |    17 ||  1377
       Whip              |    94 |   139 |    24 |       |       |       |       ||   257
       Mace              |       |       |       |    16 |       |   141 |       ||   157
       Morningstar       |       |       |       |   192 |  1156 |   864 |       ||  2212
       Eveningstar       |       |       |       |       |       |   626 |    39 ||   665
Throw: Javelin           |       |       |       |     1 |     2 |       |       ||     3
Invok: Stack Five        |       |       |       |     2 |     2 |     1 |       ||     5
       Deal Four         |       |       |       |       |     3 |     2 |       ||     5
       Triple Draw       |       |       |       |       |     2 |       |       ||     2
 Abil: Evoke Invisibilit |       |       |       |       |     2 |     3 |       ||     5
       Evoke Flight      |       |       |       |       |       |    10 |       ||    10
       Stop Flying       |       |       |       |       |       |     1 |       ||     1
Evoke: Deck              |       |       |     6 |    20 |    38 |    34 |     1 ||    99
       Wand              |       |       |     1 |     1 |    17 |     6 |       ||    25
       Box of beasts     |       |       |       |       |     1 |       |       ||     1
  Use: Scroll            |       |     8 |     6 |    16 |    10 |    18 |     1 ||    59
       Potion            |       |       |       |     2 |     2 |     9 |     3 ||    16
 Stab: Distracted        |       |       |       |       |     3 |     1 |       ||     4
       Invisible         |       |       |       |       |     2 |    20 |       ||    22
       Petrified         |       |       |       |       |     5 |       |       ||     5
       Petrifying        |       |       |       |       |     3 |       |       ||     3
  Eat: Chunk             |     2 |     5 |     9 |    19 |    35 |    34 |     1 ||   105
       Ration            |       |       |       |     3 |     4 |     4 |       ||    11
Armor: Scale mail        |    40 |    30 |       |       |       |       |       ||    70
       Chain mail        |       |    24 |    81 |   175 |   198 |       |       ||   478
       Plate armour      |       |       |       |       |   111 |   574 |     7 ||   692
       Acid dragon scale |       |       |       |       |     4 |       |       ||     4
Dodge: Dodged            |    24 |    31 |    33 |   117 |   223 |   426 |    12 ||   866
Block: Shield            |    41 |    62 |   180 |   458 |  1188 |  1518 |    34 ||  3481
       Reflection        |       |       |     5 |    22 |    72 |   116 |     4 ||   219
